Map: Acropolis LE

Players

llllllllllll (Stats) - Winner!

  • Race: Protoss Protoss
  • League: Grandmaster
  • Spawn Location: 5:00

Lambo

  • Race: Zerg Zerg
  • League: Grandmaster
  • Spawn Location: 11:00

Event: HomeStory Cup XIX

VOD

Have the link to the VOD?

Description

Time

  • Played on: June 29, 2019, 10:03 a.m.
  • Length: 9:26

All games in this series

Show
View Real Time Build Order
Export as new Build Order

llllllllllll Protoss - Winner!

Build Orders: 1 Gate Expand, Oracle Opening, Phoenix Opening, Chargelot Immortal 

Get SALT Encoding   

  12  0:00  Probe  
  13  0:12  Probe  
  14  0:20  Pylon  
  14  0:24  Probe  
  14  0:28  Assimilator  
  15  0:34  Probe  
  15  0:42  Probe  
  16  0:46  Gateway  
  17  0:52  Probe  
  18  1:04  Probe  
  19  1:16  Probe  
  20  1:23  Nexus  
  20  1:33  Cybernetics Core  
  20  1:34  Probe  
  21  1:44  Assimilator  
  21  1:46  Probe  
  22  1:49  Pylon  
  22  1:58  Probe  
  22  1:59  Adept  
  23  2:10  Probe  
  23  2:13  Stargate  
  26  2:22  Warp Gate  
  26  2:23  Probe  
  26  2:29  Adept  
  29  2:31  Probe  
  29  2:32  Probe  
  31  2:39  Probe  
  31  2:40  Probe  
  33  2:49  Probe, Oracle  
  33  2:50  Probe  
  38  3:01  Probe  
  38  3:02  Probe  
  38  3:03  Pylon  
  40  3:13  Probe  
  40  3:14  Probe  
  40  3:16  Gateway  
  42  3:23  Oracle  
  42  3:25  Probe  
  42  3:26  Probe  
  47  3:28  Assimilator  
  47  3:30  Assimilator  
  47  3:34  Pylon  
  47  3:38  Probe x2  
  49  3:44  Robotics Facility  
  49  3:50  Probe  
  49  3:51  Probe  
  49  3:52  Phoenix  
  51  4:02  Probe  
  54  4:03  Probe  
  54  4:07  Pylon  
  54  4:08  Gateway  
  55  4:14  Adept x2  
  59  4:18  Oracle  
  62  4:25  Probe x2, Immortal  
  62  4:28  Pylon  
  64  4:38  Adept  
  70  4:49  Nexus  
  70  4:53  Probe  
  72  5:00  Observer  
  72  5:02  Pylon  
  72  5:04  Sentry x2  
  72  5:05  Sentry  
  78  5:11  Pylon  
  78  5:15  Warp Prism  
  78  5:20  Probe x2  
  82  5:25  Shield Battery  
  82  5:31  Sentry x3  
  82  5:33  Probe x2  
  82  5:35  Pylon  
  90  5:36  Gateway  
  90  5:37  Gateway  
  90  5:48  Probe x2  
  92  5:55  Pylon, Twilight Council  
  92  5:56  Forge  
  92  6:02  Probe x2  
  94  6:05  Immortal  
  89  6:13  Probe  
  89  6:14  Probe x2  
  96  6:20  Pylon  
  96  6:25  Probe  
  96  6:26  Probe x2  
  96  6:27  Charge  
  96  6:31  Protoss Ground Weapons Level 1  
  99  6:34  Stalker x5  
  109  6:41  Pylon  
  109  6:44  Probe  
  109  6:45  Probe x2  
  112  6:48  Assimilator  
  112  6:50  Assimilator  
  110  7:01  Immortal  
  110  7:07  Zealot x4  
  118  7:09  Robotics Facility  
  118  7:13  Templar Archives  
  118  7:15  Zealot  
  120  7:31  Probe  
  120  7:32  Probe, Pylon x2  
  120  7:34  Pylon  
  122  7:38  Stalker x4  
  122  7:40  Shield Battery  
  122  7:42  Shield Battery  
  128  7:44  Immortal  
  128  7:47  Immortal  
  128  7:48  Stalker  
  125  7:57  Shield Battery  
  133  7:58  Pylon  
  127  8:11  Sentry x2  
  127  8:12  Zealot x2, Sentry  
  131  8:16  Shield Battery  
  131  8:20  Shield Battery  
  131  8:22  Gateway  
  131  8:25  Gateway  
  129  8:27  Pylon  
  129  8:32  Immortal x2  
  131  8:36  Sentry x2  
  131  8:37  Zealot  
  131  8:41  Zealot x2  
  96  9:02  Zealot x2  
  96  9:03  Zealot  
  96  9:04  Zealot  
  101  9:11  Zealot  
Show
View Real Time Build Order
Export as new Build Order

Lambo Zerg 

Build Orders: Hatch First 

Get SALT Encoding   

  12  0:01  Drone  
  13  0:13  Overlord  
  13  0:17  Drone  
  14  0:31  Drone x2  
  16  0:47  Hatchery  
  15  0:51  Drone  
  15  0:55  Drone  
  17  0:59  Drone  
  18  1:09  Extractor  
  17  1:13  Spawning Pool  
  17  1:16  Drone  
  17  1:19  Drone  
  18  1:28  Drone  
  19  1:40  Drone  
  20  1:50  Overlord  
  20  1:59  Queen  
  20  2:00  Queen  
  24  2:01  Zergling x4  
  26  2:10  Drone  
  26  2:13  Metabolic Boost  
  27  2:16  Drone  
  28  2:24  Drone  
  28  2:25  Drone  
  30  2:34  Drone x2  
  32  2:43  Hatchery, Drone  
  32  2:46  Overlord  
  32  2:58  Drone x2  
  34  3:06  Drone x2  
  34  3:07  Queen  
  34  3:09  Drone x3  
  34  3:11  Drone  
  42  3:12  Overlord  
  42  3:17  Spore Crawler  
  42  3:19  Zergling x2  
  42  3:21  Spore Crawler  
  42  3:23  Zergling x2  
  42  3:25  Zergling x2  
  43  3:30  Overlord  
  42  3:36  Drone  
  43  3:42  Drone x4  
  43  3:45  Drone  
  48  3:48  Queen  
  48  3:53  Drone  
  51  3:56  Queen  
  51  4:00  Drone  
  54  4:02  Overlord  
  54  4:04  Drone  
  54  4:05  Spore Crawler  
  54  4:10  Drone x2  
  54  4:16  Roach Warren, Drone x4  
  59  4:20  Drone x2  
  61  4:24  Drone x2  
  61  4:29  Lair  
  61  4:31  Extractor  
  61  4:32  Overlord  
  61  4:33  Extractor  
  61  4:34  Drone  
  61  4:38  Drone x2  
  62  4:40  Zergling x2  
  62  4:45  Drone, Zergling x2  
  64  4:46  Drone  
  64  4:47  Drone x2  
  64  4:50  Overlord  
  68  4:54  Overlord  
  68  4:57  Overlord  
  68  4:59  Overlord  
  68  5:00  Drone x2  
  68  5:01  Overlord  
  68  5:03  Overlord  
  68  5:06  Overlord  
  70  5:10  Overlord  
  70  5:16  Drone x2  
  70  5:19  Drone x4  
  72  5:21  Drone  
  72  5:25  Drone x2  
  75  5:28  Glial Reconstitution  
  75  5:29  Extractor  
  75  5:32  Roach x4  
  75  5:34  Overlord  
  82  5:38  Roach x2  
  86  5:43  Extractor, Drone  
  86  5:44  Overlord  
  86  5:46  Roach  
  86  5:49  Roach x3  
  94  5:51  Overseer  
  94  5:53  Overlord  
  94  5:54  Roach  
  94  5:55  Ravager  
  94  5:56  Ravager x2  
  99  5:59  Roach x2  
  99  6:03  Zergling x2, Roach x2  
  102  6:07  Roach x2  
  102  6:08  Extractor  
  104  6:11  Zergling x2, Roach  
  104  6:18  Roach x2, Zergling x2  
  106  6:19  Roach  
  106  6:21  Ravager  
  106  6:23  Roach  
  115  6:26  Zergling x4, Roach  
  115  6:30  Zergling x2, Roach  
  121  6:33  Roach  
  121  6:37  Zergling x4  
  121  6:38  Zergling x2  
  126  6:43  Nydus Network  
  126  6:45  Roach x2  
  126  6:46  Roach  
  131  6:49  Roach  
  131  6:50  Roach  
  135  6:57  Roach  
  135  7:04  Roach  
  134  7:09  Zergling x2, Roach  
  134  7:13  Overlord x3  
  137  7:16  Overlord  
  137  7:17  Overlord  
  137  7:18  Overlord  
  137  7:21  Overlord  
  137  7:22  Overlord  
  137  7:26  Overlord  
  137  7:29  Overlord  
  137  7:33  Ravager x4  
  137  7:36  Nydus Canal, Roach x3  
  147  7:39  Roach  
  150  7:44  Roach x2  
  150  7:49  Roach x3  
  146  7:52  Roach  
  146  7:53  Roach  
  146  7:55  Roach  
  151  7:58  Nydus Canal  
  151  7:59  Roach  
  151  8:00  Ravager  
  151  8:02  Roach  
  151  8:03  Roach  
  151  8:04  Roach  
  156  8:06  Roach  
  156  8:10  Roach  
  151  8:14  Zergling x8  
  151  8:15  Ravager, Zergling x2  
  151  8:19  Ravager  
  158  8:21  Zergling x4, Roach  
  157  8:32  Roach x2  
  149  8:39  Roach  
  149  8:40  Roach x5  
  125  8:48  Roach  
  125  8:50  Ravager  
  125  8:51  Roach x3  
  125  8:54  Roach  
  113  8:57  Roach  
  113  8:59  Roach  
  111  9:05  Roach x3  
Tags
 
Add a new tag
Caveats
  • Supply blocks, unpowered buildings, or Contaminate may cause inaccurate times.
  • Supply counts are checked every 10 seconds.